Lightning vs MapleLeafs

Created - September-25-13 at 18:20

Simulating a Pre-Season

Goals
1 2 3 T
Lightning 1 2 1 4
MapleLeafs 1 3 2 6
Shots
1 2 3 T
Lightning 6 9 6 21
MapleLeafs 10 11 14 35

1st period

1. MapleLeafs , Derek Dorsett 3 (Ryan Carter, Greg Zanon) at 2:51
2. Lightning , Brent Seabrook 4 (David Van Der Gulik, Matt Beleskey) at 13:47

Penalties :
Brent Seabrook (TBL) for Hooking (Minor) at 0:14, Matt Frattin (TBL) for Charging (Minor) at 7:22, Tim Gleason (TBL) for Tripping (Minor) at 10:25, Marek Zidlicky (TBL) for Charging (Minor) at 17:34

2nd period

3. MapleLeafs , Victor Hedman 2 (Adam Henrique, Drew Doughty) at 3:36 (PP)
4. MapleLeafs , Raffi Torres 4 (Rostislav Klesla, Adam Henrique) at 5:37 (PP)
5. Lightning , Brent Seabrook 5 (Teemu Selanne, Teddy Purcell) at 6:29
6. MapleLeafs , Patrick Marleau 3 (Vincent Lecavalier, Victor Hedman) at 11:41 (PP)
7. Lightning , Brent Seabrook 6 (Patrick Kane, Martin St. Louis) at 14:43 (PP)

Penalties :
Teemu Selanne (TBL) for Hooking (Minor) at 3:10, Marek Zidlicky (TBL) for Hooking (Minor) at 3:58, Andrej Meszaros (TBL) for Tripping (Minor) at 9:10, Martin St. Louis (TBL) for Hooking (Minor) at 9:57, Greg Zanon (TOR) for Hooking (Minor) at 14:15, Drew Doughty (TOR) for Fighting (Major) at 16:33, Tim Gleason (TBL) for Fighting (Major) at 16:33, Patrick Marleau (TOR) for Holding (Minor) at 17:06, Andrej Meszaros (TBL) for Hooking (Minor) at 19:18

3rd period

8. Lightning , Teddy Purcell 4 (Tomas Plekanec, Josh Gorges) at 6:05
9. MapleLeafs , Drew Doughty 4 (Victor Hedman, Jay Beagle) at 9:26
10. MapleLeafs , Victor Hedman 3 (Steve Sullivan, Drew Doughty) at 13:39 (PP)

Penalties :
Jakub Kindl (TBL) for Hooking (Minor) at 6:08, Tim Gleason (TBL) for Tripping (Minor) at 12:51, Evgeni Malkin (TOR) for Cross-checking (Minor) at 14:32

Goalie Stats

Cory Schneider (TBL), 29 saves from 35 shots - (0.829), L, 9-3-0, 60:00 minutes
Ryan Miller (TOR), 17 saves from 21 shots - (0.810), W, 6-4-1, 60:00 minutes

Players Stats for Lightning

Player Name              G  A  P  +/- PIM S  H  SB GA TA FO     MP     PP MP  PK MP  
------------------------------------------------------------------------------------
Andrej Meszaros          0  0  0   1  4   0  1  0  0  0  0/0    20:56   0:25   4:11 
Brent Seabrook           3  0  3   1  2   4  5  3  0  0  0/0    23:47   3:15   5:01 
Cam Atkinson             0  0  0  -1  0   1  0  0  0  0  2/2    10:17   0:00   0:00 
David Van Der Gulik      0  1  1   0  0   0  0  1  0  0  3/3     4:04   0:00   1:37 
Jakub Kindl              0  0  0   0  2   1  0  1  0  0  0/0    14:17   1:40   1:23 
Josh Gorges              0  1  1   0  0   0  3  4  0  0  0/0    23:01   0:00   7:55 
Marek Zidlicky           0  0  0   1  4   0  4  0  0  0  0/0    20:15   1:51   6:06 
Martin St. Louis         0  1  1   0  2   1  0  1  0  0  4/7    22:57   2:33   4:53 
Matt Beleskey            0  1  1   0  0   1  0  0  0  0  1/1     2:27   0:00   0:00 
Matt Frattin             0  0  0  -1  2   1  2  0  0  0  0/2    10:16   0:00   0:00 
Mike Knuble              0  0  0   0  0   1  0  0  0  0  0/0     2:27   0:00   0:00 
Nick Spaling             0  0  0  -1  0   0  1  1  0  0  2/7    10:17   0:00   0:00 
Patrick Kane             0  1  1   0  0   2  0  1  0  0  1/2    22:58   2:33   4:54 
Patrick Sharp            0  0  0   0  0   3  3  0  0  0  11/23  18:56   2:33   0:52 
Teddy Purcell            1  1  2   2  0   4  3  0  0  0  0/5    22:00   1:53   8:07 
Teemu Selanne            0  1  1   2  2   1  0  0  0  0  0/0    13:52   1:53   0:00 
Tim Gleason              0  0  0  -1  9   0  1  5  0  0  0/0    17:35   1:41   6:02 
Tomas Plekanec           0  1  1   2  0   1  1  1  0  0  22/32  22:55   1:53   9:02 

Players Stats for MapleLeafs

Player Name              G  A  P  +/- PIM S  H  SB GA TA FO     MP     PP MP  PK MP  
------------------------------------------------------------------------------------
Adam Hall                0  0  0   1  0   1  1  0  0  0  5/12   11:00   0:00   1:17 
Adam Henrique            0  2  2   0  0   5  0  0  0  0  8/23   19:56   8:03   2:02 
Brian Lashoff            0  0  0   0  0   0  2  2  0  0  0/0    14:30   0:00   0:39 
Chuck Kobasew            0  0  0   1  0   0  0  0  0  0  0/0     9:43   0:00   0:00 
Derek Dorsett            1  0  1   0  0   3  2  0  0  0  0/0     9:20   0:11   0:00 
Drew Doughty             1  2  3  -1  5   4  4  1  0  0  0/0    24:10   8:39   1:41 
Evgeni Malkin            0  0  0  -2  2   3  0  0  0  0  2/2    18:47   7:16   0:00 
Greg Zanon               0  1  1   0  2   1  3  0  0  0  0/0    14:26   0:00   1:39 
Jay Beagle               0  1  1   1  0   0  1  0  0  0  0/0     9:43   0:00   0:00 
Jonathan Ericsson        0  0  0   0  0   2  2  0  0  0  0/0    20:21   6:40   1:08 
Patrick Marleau          1  0  1  -2  2   5  1  0  0  0  0/0    20:13   7:16   1:26 
Raffi Torres             1  0  1   0  0   2  4  0  0  0  0/2    18:10   8:03   0:16 
Rostislav Klesla         0  1  1   0  0   2  0  1  0  0  0/0    20:00   6:40   0:47 
Ryan Carter              0  1  1   0  0   1  0  0  0  0  0/1    10:16   0:00   1:07 
Steve Sullivan           0  1  1   0  0   1  0  1  0  0  2/2    17:54   8:03   0:00 
Vernon Fiddler           0  0  0   0  0   1  0  0  0  0  9/19   11:53   0:00   2:44 
Victor Hedman            2  2  4  -1  0   3  1  3  0  0  0/0    26:31   8:39   2:58 
Vincent Lecavalier       0  1  1  -2  0   1  2  0  0  0  12/23  18:37   7:05   0:00 

3 Stars

1 - Brent Seabrook (TBL)
2 - Victor Hedman (TOR)
3 - Teddy Purcell (TBL)

Power Play

Lightning - 1 on 3 Attempt(s) - 33.33%
MapleLeafs - 4 on 11 Attempt(s) - 36.36%

Penalty Kill

Lightning - 7 on 11 Attempt(s) - 63.64% - Score 0 goal in Penalty Kill
MapleLeafs - 2 on 3 Attempt(s) - 66.67% - Score 0 goal in Penalty Kill

Official

Referees : Marc Joannette and Tom Kowal
Linesman : Pierre Champoux and Greg Devorski

Game Notes

Brent Seabrook has scored a Hat Trick!
Tim Gleason beats up Drew Doughty at 16:33 of 2nd period

% Time on Ice - Lightning

Lines # - Real PCT - Wanted PCT - Time Play
Normal Forward
1 - 39% - 40% - 15:31
2 - 30% - 35% - 12:00
3 - 26% - 20% - 10:17
4 - 6% - 5% - 2:27
Normal Defense
1 - 39% - 40% - 15:32
2 - 31% - 30% - 12:20
3 - 24% - 20% - 9:37
4 - 7% - 10% - 2:46
PP Forward
1 - 58% - 60% - 2:33
2 - 42% - 40% - 1:53
PP Defense
1 - 83% - 60% - 3:40
2 - 17% - 40% - 0:46
PK Forward
1 - 71% - 60% - 10:01
2 - 29% - 40% - 4:06
PK Defense
1 - 51% - 60% - 7:14
2 - 49% - 40% - 6:53
PK3 Forward
1 - 67% - 60% - 0:48
2 - 33% - 40% - 0:24
PK3 Defense
1 - 56% - 60% - 0:40
2 - 44% - 40% - 0:32
44 Forward
1 - 0% - 60%
2 - 0% - 40%
44 Defense
1 - 0% - 60%
2 - 0% - 40%
Last Minute Offensive  - 0:00
Last Minute Defensive  - 0:00
Total
Forward - 60:00
Defense - 60:00

% Time on Ice - MapleLeafs

Lines # - Real PCT - Wanted PCT - Time Play
Normal Forward
1 - 29% - 29% - 11:32
2 - 24% - 25% - 9:51
3 - 23% - 23% - 9:09
4 - 24% - 23% - 9:43
Normal Defense
1 - 22% - 28% - 8:46
2 - 31% - 26% - 12:33
3 - 32% - 26% - 12:48
4 - 15% - 20% - 6:08
PP Forward
1 - 47% - 54% - 7:16
2 - 53% - 46% - 8:03
PP Defense
1 - 56% - 55% - 8:39
2 - 44% - 45% - 6:40
PK Forward
1 - 75% - 56% - 3:19
2 - 25% - 44% - 1:07
PK Defense
1 - 74% - 55% - 3:18
2 - 26% - 45% - 1:08
PK3 Forward
1 - 0% - 55%
2 - 0% - 45%
PK3 Defense
1 - 0% - 54%
2 - 0% - 46%
44 Forward
1 - 0% - 55%
2 - 0% - 45%
44 Defense
1 - 0% - 54%
2 - 0% - 46%
Last Minute Offensive  - 0:00
Last Minute Defensive  - 0:00
Total
Forward - 60:00
Defense - 60:00

Play by Play

1st period


0:01 of 1st period - Vincent Lecavalier wins face-off versus Patrick Sharp in neutral zone.
0:14 of 1st period - Shot by Evgeni Malkin.
0:14 of 1st period - Stopped by Cory Schneider without a rebound.
0:14 of 1st period - Minor Penalty to Brent Seabrook for Hooking.
0:15 of 1st period - Tomas Plekanec wins face-off versus Adam Henrique in Lightning zone.
0:48 of 1st period - Shot by Tim Gleason.
0:48 of 1st period - Shot Misses the Net.
1:23 of 1st period - Shot by Vincent Lecavalier.
1:23 of 1st period - Deflect By Patrick Marleau.
1:23 of 1st period - Shot Blocked by Tim Gleason.
1:25 of 1st period - Shot by Patrick Marleau.
1:25 of 1st period - Stopped by Cory Schneider without a rebound.
1:26 of 1st period - Martin St. Louis wins face-off versus Vincent Lecavalier in Lightning zone.
2:07 of 1st period - Shot by Teddy Purcell.
2:07 of 1st period - Stopped by Ryan Miller without a rebound.
2:08 of 1st period - Tomas Plekanec wins face-off versus Adam Henrique in MapleLeafs zone.
2:23 of 1st period - Shot by Matt Frattin.
2:23 of 1st period - Shot Blocked by Brian Lashoff.
2:49 of 1st period - Shot by Ryan Carter.
2:49 of 1st period - Deflect By Derek Dorsett.
2:49 of 1st period - Stopped by Cory Schneider with a rebound.
2:51 of 1st period - Shot by Derek Dorsett.
2:51 of 1st period - Goal by Derek Dorsett - Lightning : 0 - MapleLeafs : 1.
2:52 of 1st period - Patrick Sharp wins face-off versus Adam Henrique in neutral zone.
3:21 of 1st period - Shot by Patrick Kane.
3:21 of 1st period - Stopped by Ryan Miller without a rebound.
3:22 of 1st period - Adam Hall wins face-off versus Tomas Plekanec in MapleLeafs zone.
3:50 of 1st period - Tomas Plekanec is hit by Drew Doughty and loses puck.
5:17 of 1st period - Martin St. Louis is hit by Raffi Torres.
5:35 of 1st period - Shot by Brent Seabrook.
5:35 of 1st period - Shot Misses the Net.
7:21 of 1st period - Adam Hall is hit by Matt Frattin and loses puck.
7:22 of 1st period - Minor Penalty to Matt Frattin for Charging.
7:23 of 1st period - Tomas Plekanec wins face-off versus Vincent Lecavalier in Lightning zone.
7:38 of 1st period - Shot by Drew Doughty.
7:38 of 1st period - Stopped by Cory Schneider with a rebound.
7:58 of 1st period - Shot by Drew Doughty.
7:58 of 1st period - Shot Blocked by David Van Der Gulik.
8:10 of 1st period - Shot by Raffi Torres.
8:10 of 1st period - Stopped by Cory Schneider without a rebound.
8:11 of 1st period - Tomas Plekanec wins face-off versus Adam Henrique in Lightning zone.
8:38 of 1st period - Shot by Adam Henrique.
8:38 of 1st period - Stopped by Cory Schneider with a rebound.
8:40 of 1st period - Shot by Jonathan Ericsson.
8:40 of 1st period - Shot Blocked by Tim Gleason.
8:42 of 1st period - Shot by Rostislav Klesla.
8:42 of 1st period - Shot Blocked by Jakub Kindl.
8:50 of 1st period - Shot by Adam Henrique.
8:50 of 1st period - Shot Misses the Net.
9:07 of 1st period - Patrick Sharp is hit by Victor Hedman and loses puck.
9:41 of 1st period - Shot by Matt Frattin.
9:41 of 1st period - Stopped by Ryan Miller without a rebound.
9:42 of 1st period - David Van Der Gulik wins face-off versus Adam Hall in MapleLeafs zone.
10:10 of 1st period - Shot by Mike Knuble.
10:10 of 1st period - Stopped by Ryan Miller without a rebound.
10:11 of 1st period - Vincent Lecavalier wins face-off versus Nick Spaling in MapleLeafs zone.
10:22 of 1st period - Shot by Vincent Lecavalier.
10:22 of 1st period - Shot Misses the Net.
10:24 of 1st period - Shot by Evgeni Malkin.
10:24 of 1st period - Deflect By Patrick Marleau.
10:24 of 1st period - Stopped by Cory Schneider with a rebound.
10:25 of 1st period - Minor Penalty to Tim Gleason for Tripping.
10:26 of 1st period - Adam Henrique wins face-off versus Teddy Purcell in Lightning zone.
10:29 of 1st period - Shot by Drew Doughty.
10:29 of 1st period - Shot Misses the Net.
10:31 of 1st period - Shot by Adam Henrique.
10:31 of 1st period - Stopped by Cory Schneider without a rebound.
10:32 of 1st period - Vincent Lecavalier wins face-off versus Martin St. Louis in Lightning zone.
10:32 of 1st period - Evgeni Malkin is hit by Andrej Meszaros and loses puck.
11:03 of 1st period - Shot by Victor Hedman.
11:03 of 1st period - Shot Misses the Net.
11:05 of 1st period - Shot by Victor Hedman.
11:05 of 1st period - Shot Misses the Net.
11:07 of 1st period - Shot by Evgeni Malkin.
11:07 of 1st period - Shot Misses the Net.
11:40 of 1st period - Icing by Jonathan Ericsson.
11:41 of 1st period - Adam Henrique wins face-off versus Tomas Plekanec in MapleLeafs zone.
12:09 of 1st period - Shot by Adam Henrique.
12:09 of 1st period - Deflect By Steve Sullivan.
12:09 of 1st period - Shot Blocked by Josh Gorges.
12:39 of 1st period - Cam Atkinson is hit by Greg Zanon and loses puck.
12:50 of 1st period - Vernon Fiddler is hit by Nick Spaling and loses puck.
13:16 of 1st period - Tim Gleason is hit by Drew Doughty and loses puck.
13:45 of 1st period - Shot by David Van Der Gulik.
13:45 of 1st period - Shot Blocked by Victor Hedman.
13:47 of 1st period - Shot by Brent Seabrook.
13:47 of 1st period - Goal by Brent Seabrook - Lightning : 1 - MapleLeafs : 1.
13:48 of 1st period - Patrick Sharp wins face-off versus Adam Hall in neutral zone.
13:51 of 1st period - Shot by Patrick Sharp.
13:51 of 1st period - Shot Misses the Net.
15:06 of 1st period - Icing by Brent Seabrook.
15:07 of 1st period - Tomas Plekanec wins face-off versus Vincent Lecavalier in Lightning zone.
15:07 of 1st period - Tomas Plekanec is hit by Vincent Lecavalier.
15:44 of 1st period - Vincent Lecavalier is hit by Josh Gorges and loses puck.
16:04 of 1st period - Cam Atkinson is hit by Brian Lashoff and loses puck.
16:16 of 1st period - Icing by Greg Zanon.
16:17 of 1st period - Martin St. Louis wins face-off versus Vincent Lecavalier in MapleLeafs zone.
16:17 of 1st period - Patrick Kane is hit by Greg Zanon and loses puck.
16:31 of 1st period - Martin St. Louis is hit by Greg Zanon and loses puck.
16:56 of 1st period - Shot by Patrick Kane.
16:56 of 1st period - Shot Misses the Net.
17:22 of 1st period - Shot by Adam Henrique.
17:22 of 1st period - Stopped by Cory Schneider without a rebound.
17:23 of 1st period - Matt Beleskey wins face-off versus Vernon Fiddler in Lightning zone.
17:33 of 1st period - Derek Dorsett is hit by Marek Zidlicky and loses puck.
17:34 of 1st period - Minor Penalty to Marek Zidlicky for Charging.
17:35 of 1st period - Adam Henrique wins face-off versus Tomas Plekanec in Lightning zone.
17:54 of 1st period - Shot by Teddy Purcell.
17:54 of 1st period - Stopped by Ryan Miller without a rebound.
17:55 of 1st period - Adam Henrique wins face-off versus Tomas Plekanec in MapleLeafs zone.
18:46 of 1st period - Off-side.
18:47 of 1st period - Vincent Lecavalier wins face-off versus Martin St. Louis in neutral zone.
18:56 of 1st period - Shot by Vincent Lecavalier.
18:56 of 1st period - Shot Misses the Net.
19:09 of 1st period - Icing by Drew Doughty.
19:10 of 1st period - Tomas Plekanec wins face-off versus Vincent Lecavalier in MapleLeafs zone.
19:18 of 1st period - Off-side.
19:19 of 1st period - Tomas Plekanec wins face-off versus Adam Henrique in neutral zone.
19:30 of 1st period - Shot by Rostislav Klesla.
19:30 of 1st period - Shot Misses the Net.

2nd period


0:01 of 2nd period - Tomas Plekanec wins face-off versus Adam Henrique in neutral zone.
0:20 of 2nd period - Shot by Teddy Purcell.
0:20 of 2nd period - Shot Blocked by Steve Sullivan.
1:16 of 2nd period - Shot by Patrick Sharp.
1:16 of 2nd period - Stopped by Ryan Miller without a rebound.
1:17 of 2nd period - Cam Atkinson wins face-off versus Adam Hall in MapleLeafs zone.
1:26 of 2nd period - Shot by Jakub Kindl.
1:26 of 2nd period - Stopped by Ryan Miller with a rebound.
3:10 of 2nd period - Minor Penalty to Teemu Selanne for Hooking.
3:11 of 2nd period - Tomas Plekanec wins face-off versus Raffi Torres in Lightning zone.
3:34 of 2nd period - Shot by Adam Henrique.
3:34 of 2nd period - Shot Blocked by Tim Gleason.
3:36 of 2nd period - Shot by Victor Hedman.
3:36 of 2nd period - Goal by Victor Hedman - Lightning : 1 - MapleLeafs : 2.
3:37 of 2nd period - Nick Spaling wins face-off versus Vernon Fiddler in neutral zone.
3:37 of 2nd period - Nick Spaling is hit by Derek Dorsett.
3:58 of 2nd period - Minor Penalty to Marek Zidlicky for Hooking.
3:59 of 2nd period - Vincent Lecavalier wins face-off versus Tomas Plekanec in Lightning zone.
3:59 of 2nd period - Vincent Lecavalier is hit by Tim Gleason.
4:13 of 2nd period - Shot by Evgeni Malkin.
4:13 of 2nd period - Shot Misses the Net.
4:15 of 2nd period - Shot by Victor Hedman.
4:15 of 2nd period - Shot Blocked by Brent Seabrook.
4:45 of 2nd period - Shot by Evgeni Malkin.
4:45 of 2nd period - Shot Blocked by Tim Gleason.
5:06 of 2nd period - Off-side.
5:07 of 2nd period - Martin St. Louis wins face-off versus Adam Henrique in neutral zone.
5:35 of 2nd period - Shot by Rostislav Klesla.
5:35 of 2nd period - Shot Misses the Net.
5:37 of 2nd period - Shot by Raffi Torres.
5:37 of 2nd period - Goal by Raffi Torres - Lightning : 1 - MapleLeafs : 3.
5:38 of 2nd period - Nick Spaling wins face-off versus Vernon Fiddler in neutral zone.
5:57 of 2nd period - Shot by Cam Atkinson.
5:57 of 2nd period - Stopped by Ryan Miller without a rebound.
5:58 of 2nd period - Vincent Lecavalier wins face-off versus Teddy Purcell in MapleLeafs zone.
5:58 of 2nd period - Patrick Marleau is hit by Teddy Purcell and loses puck.
6:25 of 2nd period - Shot by Teddy Purcell.
6:25 of 2nd period - Deflect By Teemu Selanne.
6:25 of 2nd period - Shot Blocked by Victor Hedman.
6:27 of 2nd period - Shot by Brent Seabrook.
6:27 of 2nd period - Shot Blocked by Victor Hedman.
6:29 of 2nd period - Shot by Brent Seabrook.
6:29 of 2nd period - Goal by Brent Seabrook - Lightning : 2 - MapleLeafs : 3.
6:30 of 2nd period - Patrick Sharp wins face-off versus Adam Henrique in neutral zone.
6:30 of 2nd period - Patrick Sharp is hit by Raffi Torres.
6:52 of 2nd period - Shot by Martin St. Louis.
6:52 of 2nd period - Shot Misses the Net.
7:10 of 2nd period - Shot by Patrick Sharp.
7:10 of 2nd period - Stopped by Ryan Miller without a rebound.
7:11 of 2nd period - Tomas Plekanec wins face-off versus Adam Hall in MapleLeafs zone.
7:11 of 2nd period - Teddy Purcell is hit by Drew Doughty and loses puck.
8:13 of 2nd period - Vincent Lecavalier is hit by Brent Seabrook and loses puck.
8:17 of 2nd period - Icing by Andrej Meszaros.
8:18 of 2nd period - Adam Henrique wins face-off versus Nick Spaling in Lightning zone.
8:18 of 2nd period - Adam Henrique is hit by Brent Seabrook.
8:32 of 2nd period - Shot by Cam Atkinson.
8:32 of 2nd period - Shot Misses the Net.
8:58 of 2nd period - Shot by Jonathan Ericsson.
8:58 of 2nd period - Stopped by Cory Schneider with a rebound.
9:07 of 2nd period - Icing by Brent Seabrook.
9:08 of 2nd period - Vernon Fiddler wins face-off versus Nick Spaling in Lightning zone.
9:10 of 2nd period - Minor Penalty to Andrej Meszaros for Tripping.
9:11 of 2nd period - Tomas Plekanec wins face-off versus Vincent Lecavalier in Lightning zone.
9:57 of 2nd period - Minor Penalty to Martin St. Louis for Hooking.
9:58 of 2nd period - Adam Henrique wins face-off versus Patrick Kane in Lightning zone.
11:04 of 2nd period - Shot by Drew Doughty.
11:04 of 2nd period - Shot Misses the Net.
11:06 of 2nd period - Shot by Drew Doughty.
11:06 of 2nd period - Shot Misses the Net.
11:08 of 2nd period - Shot by Drew Doughty.
11:08 of 2nd period - Stopped by Cory Schneider without a rebound.
11:09 of 2nd period - Patrick Kane wins face-off versus Vincent Lecavalier in Lightning zone.
11:20 of 2nd period - Shot by Victor Hedman.
11:20 of 2nd period - Shot Blocked by Tomas Plekanec.
11:22 of 2nd period - Shot by Victor Hedman.
11:22 of 2nd period - Stopped by Cory Schneider without a rebound.
11:23 of 2nd period - Vincent Lecavalier wins face-off versus Teddy Purcell in Lightning zone.
11:41 of 2nd period - Shot by Vincent Lecavalier.
11:41 of 2nd period - Deflect By Patrick Marleau.
11:41 of 2nd period - Goal by Patrick Marleau - Lightning : 2 - MapleLeafs : 4.
11:42 of 2nd period - Patrick Sharp wins face-off versus Vernon Fiddler in neutral zone.
11:47 of 2nd period - Shot by Martin St. Louis.
11:47 of 2nd period - Shot Blocked by Brian Lashoff.
12:01 of 2nd period - Shot by Vernon Fiddler.
12:01 of 2nd period - Shot Blocked by Tim Gleason.
12:03 of 2nd period - Shot by Vernon Fiddler.
12:03 of 2nd period - Shot Misses the Net.
12:05 of 2nd period - Shot by Greg Zanon.
12:05 of 2nd period - Stopped by Cory Schneider without a rebound.
12:06 of 2nd period - Tomas Plekanec wins face-off versus Adam Henrique in Lightning zone.
12:13 of 2nd period - Shot by Teemu Selanne.
12:13 of 2nd period - Stopped by Ryan Miller without a rebound.
12:14 of 2nd period - Vincent Lecavalier wins face-off versus Tomas Plekanec in MapleLeafs zone.
12:21 of 2nd period - Shot by Vincent Lecavalier.
12:21 of 2nd period - Stopped by Cory Schneider without a rebound.
12:22 of 2nd period - Steve Sullivan wins face-off versus Patrick Sharp in Lightning zone.
12:31 of 2nd period - Shot by Steve Sullivan.
12:31 of 2nd period - Shot Blocked by Martin St. Louis.
12:33 of 2nd period - Shot by Drew Doughty.
12:33 of 2nd period - Shot Misses the Net.
12:38 of 2nd period - Raffi Torres is hit by Brent Seabrook and loses puck.
12:59 of 2nd period - Shot by Raffi Torres.
12:59 of 2nd period - Shot Blocked by Patrick Kane.
13:01 of 2nd period - Shot by Drew Doughty.
13:01 of 2nd period - Stopped by Cory Schneider without a rebound.
13:02 of 2nd period - Vincent Lecavalier wins face-off versus Tomas Plekanec in Lightning zone.
13:21 of 2nd period - Shot by Patrick Marleau.
13:21 of 2nd period - Shot Misses the Net.
13:28 of 2nd period - Vincent Lecavalier is hit by Marek Zidlicky and loses puck.
14:15 of 2nd period - Minor Penalty to Greg Zanon for Hooking.
14:16 of 2nd period - Vernon Fiddler wins face-off versus Martin St. Louis in MapleLeafs zone.
14:29 of 2nd period - Shot by Martin St. Louis.
14:29 of 2nd period - Shot Misses the Net.
14:36 of 2nd period - Martin St. Louis is hit by Drew Doughty and loses puck.
14:39 of 2nd period - Shot by Brent Seabrook.
14:39 of 2nd period - Stopped by Ryan Miller with a rebound.
14:41 of 2nd period - Shot by Patrick Kane.
14:41 of 2nd period - Shot Misses the Net.
14:43 of 2nd period - Shot by Brent Seabrook.
14:43 of 2nd period - Goal by Brent Seabrook - Lightning : 3 - MapleLeafs : 4.
14:44 of 2nd period - Adam Hall wins face-off versus Nick Spaling in neutral zone.
14:44 of 2nd period - Adam Hall is hit by Matt Frattin.
14:47 of 2nd period - Greg Zanon is hit by Brent Seabrook and loses puck.
14:57 of 2nd period - Brent Seabrook is hit by Adam Hall and loses puck.
15:30 of 2nd period - Adam Hall is hit by Josh Gorges.
16:26 of 2nd period - Icing by Steve Sullivan.
16:27 of 2nd period - David Van Der Gulik wins face-off versus Adam Henrique in MapleLeafs zone.
16:33 of 2nd period - Tim Gleason beats up Drew Doughty.
16:33 of 2nd period - Penalty to Drew Doughty for Fighting.
16:33 of 2nd period - Penalty to Tim Gleason for Fighting.
16:34 of 2nd period - Tomas Plekanec wins face-off versus Vincent Lecavalier in MapleLeafs zone.
16:52 of 2nd period - Teddy Purcell is hit by Jonathan Ericsson and loses puck.
17:06 of 2nd period - Minor Penalty to Patrick Marleau for Holding.
17:07 of 2nd period - Vernon Fiddler wins face-off versus Patrick Sharp in MapleLeafs zone.
17:17 of 2nd period - Off-side.
17:18 of 2nd period - Patrick Sharp wins face-off versus Vernon Fiddler in neutral zone.
18:51 of 2nd period - Icing by Patrick Kane.
18:52 of 2nd period - Patrick Sharp wins face-off versus Adam Hall in Lightning zone.
19:05 of 2nd period - Shot by Adam Hall.
19:05 of 2nd period - Stopped by Cory Schneider with a rebound.
19:18 of 2nd period - Minor Penalty to Andrej Meszaros for Hooking.
19:19 of 2nd period - David Van Der Gulik wins face-off versus Vincent Lecavalier in Lightning zone.
19:24 of 2nd period - Shot by Matt Beleskey.
19:24 of 2nd period - Stopped by Ryan Miller without a rebound.
19:25 of 2nd period - Vincent Lecavalier wins face-off versus Teddy Purcell in MapleLeafs zone.
19:46 of 2nd period - Shot by Rostislav Klesla.
19:46 of 2nd period - Stopped by Cory Schneider with a rebound.

3rd period


0:01 of 3rd period - Vernon Fiddler wins face-off versus Patrick Sharp in neutral zone.
0:26 of 3rd period - Shot by Patrick Kane.
0:26 of 3rd period - Stopped by Ryan Miller without a rebound.
0:27 of 3rd period - Adam Hall wins face-off versus Tomas Plekanec in MapleLeafs zone.
0:27 of 3rd period - Adam Hall is hit by Tomas Plekanec.
0:40 of 3rd period - Off-side.
0:41 of 3rd period - Adam Henrique wins face-off versus Patrick Sharp in neutral zone.
0:48 of 3rd period - Shot by Steve Sullivan.
0:48 of 3rd period - Stopped by Cory Schneider without a rebound.
0:49 of 3rd period - Vernon Fiddler wins face-off versus Patrick Sharp in Lightning zone.
1:00 of 3rd period - Shot by Ryan Carter.
1:00 of 3rd period - Stopped by Cory Schneider with a rebound.
1:02 of 3rd period - Shot by Victor Hedman.
1:02 of 3rd period - Shot Blocked by Brent Seabrook.
1:08 of 3rd period - Shot by Vernon Fiddler.
1:08 of 3rd period - Deflect By Derek Dorsett.
1:08 of 3rd period - Stopped by Cory Schneider with a rebound.
1:10 of 3rd period - Shot by Vernon Fiddler.
1:10 of 3rd period - Stopped by Cory Schneider without a rebound.
1:11 of 3rd period - Steve Sullivan wins face-off versus Teddy Purcell in Lightning zone.
1:19 of 3rd period - Raffi Torres is hit by Marek Zidlicky.
1:32 of 3rd period - Raffi Torres is hit by Marek Zidlicky and loses puck.
1:35 of 3rd period - Shot by Adam Henrique.
1:35 of 3rd period - Shot Misses the Net.
1:37 of 3rd period - Shot by Steve Sullivan.
1:37 of 3rd period - Shot Misses the Net.
1:39 of 3rd period - Shot by Raffi Torres.
1:39 of 3rd period - Shot Misses the Net.
1:49 of 3rd period - Shot by Jonathan Ericsson.
1:49 of 3rd period - Shot Misses the Net.
1:51 of 3rd period - Shot by Adam Henrique.
1:51 of 3rd period - Stopped by Cory Schneider without a rebound.
1:52 of 3rd period - Patrick Sharp wins face-off versus Adam Hall in Lightning zone.
1:57 of 3rd period - Victor Hedman is hit by Patrick Sharp and loses puck.
2:11 of 3rd period - Drew Doughty is hit by Patrick Sharp and loses puck.
2:18 of 3rd period - Victor Hedman is hit by Patrick Sharp.
2:19 of 3rd period - Icing by Victor Hedman.
2:20 of 3rd period - Cam Atkinson wins face-off versus Adam Hall in MapleLeafs zone.
2:57 of 3rd period - Shot by Cam Atkinson.
2:57 of 3rd period - Shot Misses the Net.
3:17 of 3rd period - Shot by Evgeni Malkin.
3:17 of 3rd period - Stopped by Cory Schneider with a rebound.
3:19 of 3rd period - Shot by Jonathan Ericsson.
3:19 of 3rd period - Stopped by Cory Schneider without a rebound.
3:20 of 3rd period - Patrick Sharp wins face-off versus Vernon Fiddler in Lightning zone.
3:32 of 3rd period - Patrick Kane is hit by Brian Lashoff and loses puck.
4:12 of 3rd period - Patrick Kane is hit by Jonathan Ericsson and loses puck.
4:21 of 3rd period - Martin St. Louis is hit by Vincent Lecavalier and loses puck.
4:40 of 3rd period - Shot by Vincent Lecavalier.
4:40 of 3rd period - Shot Blocked by Brent Seabrook.
4:42 of 3rd period - Shot by Vincent Lecavalier.
4:42 of 3rd period - Shot Misses the Net.
4:48 of 3rd period - Shot by Patrick Marleau.
4:48 of 3rd period - Stopped by Cory Schneider with a rebound.
5:21 of 3rd period - Shot by Adam Henrique.
5:21 of 3rd period - Deflect By Raffi Torres.
5:21 of 3rd period - Shot Misses the Net.
5:43 of 3rd period - Shot by Tomas Plekanec.
5:43 of 3rd period - Shot Misses the Net.
6:05 of 3rd period - Shot by Teddy Purcell.
6:05 of 3rd period - Goal by Teddy Purcell - Lightning : 4 - MapleLeafs : 4.
6:06 of 3rd period - Adam Hall wins face-off versus Matt Frattin in neutral zone.
6:08 of 3rd period - Minor Penalty to Jakub Kindl for Hooking.
6:09 of 3rd period - Vincent Lecavalier wins face-off versus Tomas Plekanec in Lightning zone.
6:32 of 3rd period - Shot by Jonathan Ericsson.
6:32 of 3rd period - Shot Blocked by Josh Gorges.
6:34 of 3rd period - Shot by Rostislav Klesla.
6:34 of 3rd period - Stopped by Cory Schneider without a rebound.
6:35 of 3rd period - Tomas Plekanec wins face-off versus Adam Henrique in Lightning zone.
6:43 of 3rd period - Icing by Victor Hedman.
6:44 of 3rd period - Tomas Plekanec wins face-off versus Adam Henrique in MapleLeafs zone.
7:07 of 3rd period - Shot by Drew Doughty.
7:07 of 3rd period - Shot Misses the Net.
8:01 of 3rd period - Evgeni Malkin is hit by Teddy Purcell and loses puck.
9:26 of 3rd period - Shot by Drew Doughty.
9:26 of 3rd period - Goal by Drew Doughty - Lightning : 4 - MapleLeafs : 5.
9:27 of 3rd period - Patrick Sharp wins face-off versus Vincent Lecavalier in neutral zone.
9:38 of 3rd period - Shot by Patrick Sharp.
9:38 of 3rd period - Stopped by Ryan Miller without a rebound.
9:39 of 3rd period - Tomas Plekanec wins face-off versus Adam Henrique in MapleLeafs zone.
9:42 of 3rd period - Shot by Teddy Purcell.
9:42 of 3rd period - Shot Blocked by Rostislav Klesla.
9:47 of 3rd period - Off-side.
9:48 of 3rd period - Evgeni Malkin wins face-off versus Patrick Sharp in neutral zone.
9:51 of 3rd period - Shot by Patrick Marleau.
9:51 of 3rd period - Stopped by Cory Schneider without a rebound.
9:52 of 3rd period - Evgeni Malkin wins face-off versus Patrick Sharp in Lightning zone.
10:26 of 3rd period - Icing by Josh Gorges.
10:27 of 3rd period - Adam Henrique wins face-off versus Patrick Sharp in Lightning zone.
11:32 of 3rd period - Icing by Victor Hedman.
11:33 of 3rd period - Adam Hall wins face-off versus Nick Spaling in MapleLeafs zone.
12:09 of 3rd period - Icing by Cam Atkinson.
12:10 of 3rd period - Vincent Lecavalier wins face-off versus Matt Frattin in Lightning zone.
12:17 of 3rd period - Shot by Evgeni Malkin.
12:17 of 3rd period - Shot Blocked by Nick Spaling.
12:50 of 3rd period - Shot by Evgeni Malkin.
12:50 of 3rd period - Stopped by Cory Schneider without a rebound.
12:51 of 3rd period - Vernon Fiddler wins face-off versus Patrick Sharp in Lightning zone.
12:51 of 3rd period - Minor Penalty to Tim Gleason for Tripping.
12:52 of 3rd period - Tomas Plekanec wins face-off versus Raffi Torres in Lightning zone.
12:52 of 3rd period - Tomas Plekanec is hit by Raffi Torres.
13:05 of 3rd period - Icing by Drew Doughty.
13:06 of 3rd period - Tomas Plekanec wins face-off versus Adam Henrique in MapleLeafs zone.
13:35 of 3rd period - Shot by Victor Hedman.
13:35 of 3rd period - Shot Blocked by Josh Gorges.
13:37 of 3rd period - Shot by Victor Hedman.
13:37 of 3rd period - Deflect By Steve Sullivan.
13:37 of 3rd period - Shot Blocked by Josh Gorges.
13:39 of 3rd period - Shot by Victor Hedman.
13:39 of 3rd period - Goal by Victor Hedman - Lightning : 4 - MapleLeafs : 6.
13:40 of 3rd period - Tomas Plekanec wins face-off versus Vernon Fiddler in neutral zone.
13:51 of 3rd period - Shot by Teddy Purcell.
13:51 of 3rd period - Stopped by Ryan Miller without a rebound.
13:52 of 3rd period - Patrick Sharp wins face-off versus Vincent Lecavalier in MapleLeafs zone.
14:04 of 3rd period - Evgeni Malkin is hit by Josh Gorges and loses puck.
14:25 of 3rd period - Shot by Martin St. Louis.
14:25 of 3rd period - Stopped by Ryan Miller with a rebound.
14:32 of 3rd period - Minor Penalty to Evgeni Malkin for Cross-checking.
14:33 of 3rd period - Tomas Plekanec wins face-off versus Vernon Fiddler in MapleLeafs zone.
15:05 of 3rd period - Shot by Tim Gleason.
15:05 of 3rd period - Shot Blocked by Drew Doughty.
15:27 of 3rd period - Patrick Kane is hit by Patrick Marleau and loses puck.
16:28 of 3rd period - Shot by Tomas Plekanec.
16:28 of 3rd period - Stopped by Ryan Miller without a rebound.
16:29 of 3rd period - Patrick Sharp wins face-off versus Vernon Fiddler in MapleLeafs zone.
17:05 of 3rd period - Shot by Chuck Kobasew.
17:05 of 3rd period - Shot Misses the Net.
17:20 of 3rd period - Off-side.
17:21 of 3rd period - Vernon Fiddler wins face-off versus Patrick Sharp in neutral zone.
17:23 of 3rd period - Drew Doughty is hit by Brent Seabrook and loses puck.
17:29 of 3rd period - Icing by Patrick Sharp.
17:30 of 3rd period - Martin St. Louis wins face-off versus Adam Henrique in Lightning zone.
17:30 of 3rd period - Martin St. Louis is hit by Raffi Torres.
17:38 of 3rd period - Shot by Patrick Sharp.
17:38 of 3rd period - Shot Misses the Net.
18:06 of 3rd period - Shot by Adam Henrique.
18:06 of 3rd period - Stopped by Cory Schneider without a rebound.
18:07 of 3rd period - Tomas Plekanec wins face-off versus Vernon Fiddler in Lightning zone.
18:07 of 3rd period - Tomas Plekanec is hit by Derek Dorsett.
18:12 of 3rd period - Off-side.
18:13 of 3rd period - Vernon Fiddler wins face-off versus Tomas Plekanec in neutral zone.
18:19 of 3rd period - Off-side.
18:20 of 3rd period - Tomas Plekanec wins face-off versus Ryan Carter in neutral zone.
18:25 of 3rd period - Vernon Fiddler is hit by Teddy Purcell and loses puck.
18:43 of 3rd period - Icing by Derek Dorsett.
18:44 of 3rd period - Vernon Fiddler wins face-off versus Patrick Sharp in MapleLeafs zone.
19:37 of 3rd period - Josh Gorges is hit by Jay Beagle and loses puck.


Output by the SimonT Hockey Simulator (STHS) for Stephane Roy -- Original Page W3C XHTML 1.0 Valid
Hockey Simulator - Hockey Simulation - Hockey Manager